 Dungeon Crawl Stone Soup version 0.31.0-12-g77e489cdc1 (webtiles) character file.

Game seed: 10765278198666037539

119 Gadfly the Shooter (level 5, -9/32 HPs)
             Began as a Kobold Hunter on Feb 14, 2024.
             Mangled by an orc wizard
             ... wielding a +0 dagger of electrocution
              (19 damage)
             ... on level 3 of the Dungeon.
             The game lasted 00:04:24 (1874 turns).

Gadfly the Shooter (Kobold Hunter)                  Turns: 1874, Time: 00:04:26

Health: -9/32      AC:  3    Str:  8    XL:     5   Next: 23%
Magic:  6/6        EV: 16    Int: 11    God:
Gold:   90         SH:  0    Dex: 20    Spells: 2/4 levels left

rFire   . . .        a - +1 shortbow
rCold   . . .        (shield currently unavailable)
rNeg    . . .        j - +0 animal skin
rPois   .            g - +0 helmet
rElec   .            (no cloak)
rCorr   .            (no gloves)
SInv    .            (no boots)
Will    .....        (no amulet)
Stlth   +++          (no ring)
HPRegen 0.25/turn    (no ring)
MPRegen 0.10/turn

%: no passive effects
@: no status effects
A: small, no large weapons, nightstalker 3
a: no special abilities


You were on level 3 of the Dungeon.
You visited 1 branch of the dungeon, and saw 3 of its levels.

You collected 90 gold pieces.

Inventory:

Hand Weapons
 a - a +1 shortbow (weapon)
 b - a +3 dagger of draining
Armour
 c - a +0 leather armour
 g - a +0 helmet (worn)
 j - a +0 animal skin (worn)
Scrolls
 f - a scroll of butterflies
 i - a scroll of enchant weapon
Potions
 d - a potion of lignification
 e - a potion of curing
 h - a potion of mutation


   Skills:
 + Level 2.9 Fighting
 + Level 5.8 Ranged Weapons
 + Level 3.2 Dodging
 - Level 1.3 Stealth
 * Level 2.4 Invocations
 * Level 2.4 Evocations


You had 2 spell levels left.
You knew the following spells:

 Your Spells              Type           Power      Damage    Failure   Level
a - Blink                 Tloc           0%         N/A       47%         2

Your spell library contained the following spells:

 Spells                   Type           Power      Damage    Failure   Level
 Kiss of Death            Conj/Necr      0%         2d5       34%         1
 Lesser Beckoning         Tloc           0%         N/A       47%         2
 Momentum Strike          Conj/Tloc      0%         3d8       47%         2
 Confusing Touch          Hex            0%         N/A       71%         3
 Dispel Undead            Necr           0%         3d6       98%         4


Dungeon Overview and Level Annotations

Branches:
Dungeon (3/15)

Altars:
Trog


Innate Abilities, Weirdness & Mutations

You are small and have problems with some larger weapons.
You are completely attuned to the shadows.


Message History

You open the door.
There is an open door here.
Found a stone staircase leading up.
Found a bloodstained altar of Trog.
No target in view!
No target in view!
No target in view!
There is a bloodstained altar of Trog here.
A hobgoblin and an orc come into view.
The orc moves out of view.
You shoot an arrow. The arrow hits the hobgoblin.
You kill the hobgoblin!
You hear a shout! x3
No target in view!
An orc wizard comes into view.
It is wielding a +0 dagger of electrocution.
You shoot an arrow. The arrow barely misses the orc wizard.
The orc wizard shouts!
The orc wizard mumbles some strange words.
The orc wizard flickers and vanishes!
Deactivating autopickup; reactivate with Ctrl-A.
An orc comes into view. It is wielding a +0 hand axe.
The orc shouts!
You shoot an arrow. The arrow hits the orc.
The orc is lightly wounded.
A magic dart appears from out of thin air!
The magic dart hits you!
You shoot an arrow.
The arrow hits the orc but does no damage.
You shoot an arrow.
The arrow hits the orc but does no damage.
You shoot an arrow. The arrow hits the orc.
The orc is lightly wounded.
The orc hits you with a +0 hand axe. The orc closely misses you.
You shoot an arrow. The arrow hits the orc.
The orc is almost dead.
Something hits you. The orc hits you with a +0 hand axe.
The orc completely misses you. The orc misses you. The orc closely misses you.
Something hits you.
You are electrocuted!!
Ouch! That really hurt!
You die...

###### #...†.
.#######.o...
........@{...
..≈§.≈≈.o.###
≈..≈.≈..≈..#
§§.....≈≈....
§..._.......#
§≈.....≈≈...
≈§.≈.≈..≈..
..≈≈.≈≈...
..........


You could see 2 orcs.

Vanquished Creatures
  Robin (D:2)
  3 gnolls (D:2)
  2 adders (D:2)
  A dart slug (D:2)
  A ribbon worm (D:2)
  2 ball pythons
  5 endoplasms
  3 giant cockroaches
  10 goblins
  12 hobgoblins
  2 quokkas (D:2)
  4 bats
  2 frilled lizards
  3 kobolds
  2 rats
53 creatures vanquished.

Notes
Turn   | Place    | Note
-------+----------+-------------------------------------------
     0 | D:1      | Gadfly the Kobold Hunter began the quest for the Orb.
     0 | D:1      | Reached XP level 1. HP: 12/12 MP: 1/1
   382 | D:1      | Reached XP level 2. HP: 6/17 MP: 2/2
   508 | D:1      | Reached skill level 1 in Invocations
   520 | D:1      | Reached skill level 1 in Evocations
   898 | D:2      | Reached XP level 3. HP: 22/22 MP: 3/3
  1035 | D:2      | Found a faded altar of an unknown god.
  1126 | D:2      | Reached XP level 4. HP: 13/27 MP: 5/5
  1250 | D:2      | Noticed Robin
  1309 | D:2      | Killed Robin
  1318 | D:2      | Reached XP level 5. HP: 6/32 MP: 6/6
  1734 | D:2      | Learned a level 2 spell: Blink
  1859 | D:3      | Found a bloodstained altar of Trog.
  1874 | D:3      | Mangled by an orc wizard

Illustrated notes

Levels and vault maps discovered:
D:1:      evilmike_arrival_rings, layout_loops_ring
D:2:      layout_loops_ring, hellmonk_ecumenical_altar_heavens_door, uniq_robin
D:3:      layout_basic, mainiacjoe_overflow_small_starburst, serial_shops, shop,
          nicolae_shop_tiny_real_fake_doors

Skill      XL: |  1  2  3  4 |
---------------+-------------+-----
Invocations    | 1 2 |  2.4
Evocations     | 1 2 |  2.4
Dodging        | 3 |  3.2
Fighting       | |  2.9
Ranged Weapons | |  5.8
Stealth        | |  1.3

Action                     |  1- 3 |  4- 6 || total
---------------------------+-------+-------++-------
  Melee: Dagger            |    17 |    39 ||    56
   Fire: Shortbow          |    53 |    37 ||    90
    Use: Scroll            |     4 |     1 ||     5
         Potion            |     1 |     2 ||     3
   Stab: Distracted        |     1 |       ||     1
 Armour: Leather armour    |    15 |    27 ||    42
         Animal skin       |       |     5 ||     5
  Dodge: Dodged            |    35 |    39 ||    74
